TOP OF THE 1ST |
Coweta HS Tigers batting - Pitching for Oliver Ames HS Tigers : LHP Tom Hale
|
Pitching: LHP Tom Hale
|
|
Batting: RHB Ramiro Javier
|
0-0: Ball 1-0: SINGLE (Groundball, 4)
|
Batting: RHB Brian Andrews
|
0-0: Fly out, F6 (Line Drive, 6)
|
Batting: RHB José Cisneros
|
0-0: Ball 1-0: Reached on error, E6 (Groundball, 6MS) Ramiro Javier to second
|
Batting: RHB Héctor Vázquez
|
0-0: Called Strike 0-1: Ball 1-1: Foul Ball, location: 2F 1-2: Ball 2-2: Foul Ball, location: 2F 2-2: Ball 3-2: SINGLE (Line Drive, 89M) Ramiro Javier to third José Cisneros to second Runner from 3rd tries for Home, SAFE, no throw or cutoff
|
Batting: LHB Jim Clemente
|
0-0: Called Strike 0-1: Ball 1-1: Fly out, F7 (Flyball, 78M)
|
Batting: RHB Ben Johnson
|
0-0: Fielders Choice at 2nd, U4 (Groundball, 4M)
|
Top of the 1st over - 1 run(s), 2 hit(s), 1 error(s), 2 left on base; Coweta HS 1 - Oliver Ames HS 0 |
BOTTOM OF THE 1ST |
Oliver Ames HS Tigers batting - Pitching for Coweta HS Tigers : RHP Kyle Horton
|
Pitching: RHP Kyle Horton
|
|
Batting: RHB Quentin Underwood
|
0-0: Called Strike 0-1: Swinging Strike 0-2: Ball 1-2: Ball 2-2: Ball 3-2: SINGLE (Flyball, 7S)
|
Batting: RHB James Hunter
|
0-0: Foul Ball, location: 2F 0-1: Foul Ball, location: 2F 0-2: Foul Ball, location: 2F 0-2: Strikes out looking
|
Batting: RHB Denver Baker
|
0-0: Ball Wild Pitch! Quentin Underwood to second 1-0: Ball 2-0: Ball 3-0: Base on Balls
|
Batting: LHB Eugene Lee
|
0-0: Called Strike 0-1: Fly out, F9 (Flyball, 9M)
|
Batting: RHB Jimmy King
|
0-0: Called Strike 0-1: SINGLE (Flyball, 78S) Quentin Underwood to third Denver Baker to second Runner from 3rd tries for Home, SAFE, throw made home Denver Baker to third Jimmy King to second
|
Batting: RHB Mason Thompson
|
0-0: Ball 1-0: Called Strike 1-1: Foul Ball, location: 2F 1-2: Strikes out swinging
|
Bottom of the 1st over - 1 run(s), 2 hit(s), 0 error(s), 2 left on base; Coweta HS 1 - Oliver Ames HS 1 |
TOP OF THE 2ND |
Coweta HS Tigers batting - Pitching for Oliver Ames HS Tigers : LHP Tom Hale
|
Batting: RHB Phil Shaw
|
0-0: Called Strike 0-1: Foul Ball, location: 2F 0-2: Strikes out looking
|
Batting: RHB Jon Waller
|
0-0: Ball 1-0: Ball 2-0: Called Strike 2-1: Reached on error, E5 (Groundball, 56)
|
Batting: RHB Dusty Green
|
0-0: Ball 1-0: Ball 2-0: Called Strike 2-1: Grounds into double play, 3-6-1 (Groundball, 3)
|
Top of the 2nd over - 0 run(s), 0 hit(s), 1 error(s), 0 left on base; Coweta HS 1 - Oliver Ames HS 1 |
BOTTOM OF THE 2ND |
Oliver Ames HS Tigers batting - Pitching for Coweta HS Tigers : RHP Kyle Horton
|
Batting: LHB Miguel García
|
0-0: Ball 1-0: Ball 2-0: Fly out, F9 (Flyball, 9S)
|
Batting: RHB Earl Frank
|
0-0: Ground out 4-3 (Groundball, 4)
|
Batting: LHB Jason King
|
0-0: Ground out 4-3 (Groundball, 34)
|
Bottom of the 2nd over - 0 run(s), 0 hit(s), 0 error(s), 0 left on base; Coweta HS 1 - Oliver Ames HS 1 |
TOP OF THE 3RD |
Coweta HS Tigers batting - Pitching for Oliver Ames HS Tigers : LHP Tom Hale
|
Batting: RHB Ramiro Javier
|
0-0: Foul Ball, location: 2F 0-1: Swinging Strike 0-2: Ball 1-2: Strikes out looking
|
Batting: RHB Brian Andrews
|
0-0: Ball 1-0: Ball Single, Error in OF, E9, batter to second base
|
Batting: RHB José Cisneros
|
0-0: Swinging Strike 0-1: Foul Ball, location: 2F 0-2: Strikes out swinging
|
Batting: RHB Héctor Vázquez
|
0-0: Called Strike 0-1: Reached on error, E4 (Groundball, 4) Brian Andrews to third
|
Batting: LHB Jim Clemente
|
0-0: Foul Ball, location: 2F 0-1: Ball 1-1: SINGLE (Groundball, 6M) Brian Andrews scores Héctor Vázquez to second
|
Batting: RHB Ben Johnson
|
0-0: Called Strike 0-1: Called Strike 0-2: Ball Wild Pitch! Héctor Vázquez to third Jim Clemente to second 1-2: Foul Ball, location: 2F 1-2: Strikes out looking
|
Top of the 3rd over - 1 run(s), 2 hit(s), 2 error(s), 2 left on base; Coweta HS 2 - Oliver Ames HS 1 |
BOTTOM OF THE 3RD |
Oliver Ames HS Tigers batting - Pitching for Coweta HS Tigers : RHP Kyle Horton
|
Batting: RHB Quentin Underwood
|
0-0: Called Strike 0-1: Swinging Strike 0-2: Ball 1-2: Ball 2-2: Fly out, F6 (Popup, 6MD)
|
Batting: RHB James Hunter
|
0-0: Called Strike 0-1: Swinging Strike 0-2: Ball 1-2: Foul Ball, location: 2F 1-2: Ground out 5-3 (Groundball, 5S)
|
Batting: RHB Denver Baker
|
0-0: Ball 1-0: Swinging Strike 1-1: Called Strike 1-2: Strikes out looking
|
Bottom of the 3rd over - 0 run(s), 0 hit(s), 0 error(s), 0 left on base; Coweta HS 2 - Oliver Ames HS 1 |
TOP OF THE 4TH |
Coweta HS Tigers batting - Pitching for Oliver Ames HS Tigers : LHP Tom Hale
|
Batting: RHB Phil Shaw
|
0-0: Ball 1-0: Called Strike 1-1: Ground out 6-3 (Groundball, 6)
|
Batting: RHB Jon Waller
|
0-0: Ball 1-0: Called Strike 1-1: Ball 2-1: Fly out, F9 (Flyball, 9M)
|
Batting: RHB Dusty Green
|
0-0: Called Strike 0-1: Called Strike 0-2: Foul Ball, location: 2F 0-2: Ball 1-2: Strikes out swinging
|
Top of the 4th over - 0 run(s), 0 hit(s), 0 error(s), 0 left on base; Coweta HS 2 - Oliver Ames HS 1 |
BOTTOM OF THE 4TH |
Oliver Ames HS Tigers batting - Pitching for Coweta HS Tigers : RHP Kyle Horton
|
Batting: LHB Eugene Lee
|
0-0: Called Strike 0-1: Ball 1-1: SINGLE (Groundball, 34D)
|
Batting: RHB Jimmy King
|
0-0: Ball 1-0: Ball 2-0: Ball 3-0: Called Strike 3-1: Foul Ball, location: 2F 3-2: Reached on error, E4 (Groundball, 13) Eugene Lee to third
|
Batting: RHB Mason Thompson
|
0-0: Called Strike 0-1: Ball 1-1: Fly out, F9 (Flyball, 9S) Runner from 3rd tags up, SCORES, throw made
|
Batting: LHB Miguel García
|
0-0: Ground out 3-1 (Groundball, 34) Jimmy King to third
|
Batting: RHB Earl Frank
|
0-0: Ball 1-0: Called Strike 1-1: SINGLE (Line Drive, 34) Jimmy King scores
|
Batting: LHB Jason King
|
0-0: Ball 1-0: Ball 2-0: Ball 3-0: Base on Balls Earl Frank to second
|
Batting: RHB Quentin Underwood
|
0-0: Swinging Strike 0-1: Swinging Strike 0-2: Reached on error, E5 (Groundball, 56S) Earl Frank scores Jason King to third
|
Batting: RHB James Hunter
|
0-0: Ball 1-0: DOUBLE (Line Drive, 78M) Jason King scores Quentin Underwood scores
|
Batting: RHB Denver Baker
|
0-0: Ball 1-0: Ball 2-0: Ground out 4-3 (Groundball, 4)
|
Bottom of the 4th over - 5 run(s), 3 hit(s), 2 error(s), 1 left on base; Coweta HS 2 - Oliver Ames HS 6 |
TOP OF THE 5TH |
Coweta HS Tigers batting - Pitching for Oliver Ames HS Tigers : LHP Tom Hale
|
Batting: RHB Ramiro Javier
|
0-0: Foul Ball, location: 2F 0-1: Ball 1-1: Ball 2-1: Called Strike 2-2: Foul Ball, location: 2F 2-2: Strikes out looking
|
Batting: RHB Brian Andrews
|
0-0: Foul Ball, location: 2F 0-1: Ball 1-1: Ground out 4-3 (Groundball, 4M)
|
Batting: RHB José Cisneros
|
0-0: Ball 1-0: Called Strike 1-1: Ball 2-1: Ball 3-1: Foul Ball, location: 2F 3-2: Foul Ball, location: 2F 3-2: DOUBLE (Groundball, 5L)
|
Batting: RHB Héctor Vázquez
|
0-0: Ball 1-0: Ball 2-0: Swinging Strike 2-1: Ball 3-1: Foul Ball, location: 2F 3-2: Base on Balls
|
Pitching: RHP Nelson Dixon
|
|
Batting: LHB Jim Clemente
|
0-0: Ball 1-0: Ball 2-0: Ball 3-0: Base on Balls José Cisneros to third Héctor Vázquez to second
|
Batting: RHB Ben Johnson
|
0-0: Ball 1-0: Swinging Strike 1-1: Called Strike 1-2: Strikes out looking
|
Top of the 5th over - 0 run(s), 1 hit(s), 0 error(s), 3 left on base; Coweta HS 2 - Oliver Ames HS 6 |
BOTTOM OF THE 5TH |
Oliver Ames HS Tigers batting - Pitching for Coweta HS Tigers : RHP Kyle Horton
|
Batting: LHB Eugene Lee
|
0-0: Ball 1-0: Swinging Strike 1-1: Fly out, F7 (Flyball, 7M)
|
Batting: RHB Jimmy King
|
0-0: Ball 1-0: Foul Ball, location: 2F 1-1: Swinging Strike 1-2: Foul Ball, location: 2F 1-2: SINGLE (Line Drive, 8LS)
|
Batting: RHB Mason Thompson
|
0-0: Ball 1-0: Called Strike 1-1: Foul Ball, location: 2F 1-2: Fielders Choice at 2nd, 6-4 (Groundball, 6)
|
Pitching: LHP Will Merritt
|
|
Batting: LHB Miguel García
|
0-0: Foul Ball, location: 2F 0-1: Foul Ball, location: 2F 0-2: Strikes out swinging
|
Bottom of the 5th over - 0 run(s), 1 hit(s), 0 error(s), 1 left on base; Coweta HS 2 - Oliver Ames HS 6 |
TOP OF THE 6TH |
Coweta HS Tigers batting - Pitching for Oliver Ames HS Tigers : RHP Nelson Dixon
|
Batting: RHB Phil Shaw
|
0-0: Ball 1-0: Ball 2-0: Called Strike 2-1: Foul Ball, location: 2F 2-2: Strikes out looking
|
Batting: RHB Jon Waller
|
0-0: Ball 1-0: Ball 2-0: Ball 3-0: Base on Balls
|
Batting: RHB Dusty Green
|
0-0: Foul Ball, location: 2F 0-1: Called Strike Jon Waller steals 2nd base 0-2: Ball 1-2: Strikes out swinging
|
Batting: RHB Ramiro Javier
|
0-0: Fly out, F8 (Flyball, 8RM)
|
Top of the 6th over - 0 run(s), 0 hit(s), 0 error(s), 1 left on base; Coweta HS 2 - Oliver Ames HS 6 |
BOTTOM OF THE 6TH |
Oliver Ames HS Tigers batting - Pitching for Coweta HS Tigers : LHP Will Merritt
|
Batting: RHB Earl Frank
|
0-0: Called Strike 0-1: Called Strike 0-2: Strikes out swinging
|
Batting: LHB Jason King
|
0-0: Ball 1-0: Ground out 1-3 (Groundball, 23)
|
Batting: RHB Quentin Underwood
|
0-0: Ball 1-0: Ball 2-0: Reached on error, E5 (Groundball, 5)
|
Batting: RHB James Hunter
|
0-0: Called Strike 0-1: Ball 1-1: Swinging Strike 1-2: Ball 2-2: Strikes out looking
|
Bottom of the 6th over - 0 run(s), 0 hit(s), 1 error(s), 1 left on base; Coweta HS 2 - Oliver Ames HS 6 |
TOP OF THE 7TH |
Coweta HS Tigers batting - Pitching for Oliver Ames HS Tigers : RHP Nelson Dixon
|
Batting: RHB Brian Andrews
|
0-0: Called Strike 0-1: Called Strike 0-2: Foul Ball, location: 2F 0-2: Foul Ball, location: 2F 0-2: Strikes out swinging
|
Batting: RHB José Cisneros
|
0-0: Ball 1-0: Foul Ball, location: 2F 1-1: Ground out 5-3 (Groundball, 5S)
|
Batting: RHB Héctor Vázquez
|
0-0: Ball 1-0: Swinging Strike 1-1: Foul Ball, location: 2F 1-2: Ground out 5-3 (Groundball, 56)
|
Top of the 7th over - 0 run(s), 0 hit(s), 0 error(s), 0 left on base; Coweta HS 2 - Oliver Ames HS 6 |
BOTTOM OF THE 7TH |
Oliver Ames HS Tigers batting - Pitching for Coweta HS Tigers : LHP Will Merritt
|
Batting: RHB Denver Baker
|
0-0: Ball 1-0: Called Strike 1-1: Ball 2-1: Ball 3-1: Base on Balls
|
Batting: LHB Eugene Lee
|
0-0: Swinging Strike 0-1: Foul Ball, location: 2F 0-2: Foul Ball, location: 2F 0-2: 2-RUN HOME RUN (Flyball, 9LD), Distance : 357 ft
|
Batting: RHB Jimmy King
|
0-0: Called Strike 0-1: Ball 1-1: Called Strike 1-2: Ball 2-2: Fly out, F7 (Line Drive, 7S)
|
Batting: RHB Mason Thompson
|
0-0: Foul Ball, location: 2F 0-1: Ball 1-1: Ball 2-1: Called Strike 2-2: Foul Ball, location: 2F 2-2: Strikes out swinging
|
Batting: LHB Miguel García
|
0-0: Foul Ball, location: 2F 0-1: Ground out 3-1 (Groundball, 34)
|
Bottom of the 7th over - 2 run(s), 1 hit(s), 0 error(s), 0 left on base; Coweta HS 2 - Oliver Ames HS 8 |
TOP OF THE 8TH |
Coweta HS Tigers batting - Pitching for Oliver Ames HS Tigers : RHP Nelson Dixon
|
Pitching: RHP Bob Rivera
|
|
Batting: LHB Jim Clemente
|
0-0: Ball 1-0: Ball 2-0: Ball 3-0: Called Strike 3-1: Base on Balls
|
Batting: RHB Ben Johnson
|
0-0: Called Strike 0-1: Foul Ball, location: 2F 0-2: Strikes out swinging
|
Batting: RHB Phil Shaw
|
0-0: Ball 1-0: SINGLE (Line Drive, 4M) Jim Clemente to second
|
Batting: RHB Jon Waller
|
0-0: DOUBLE (Flyball, 78D) Jim Clemente scores Phil Shaw to third
|
Batting: RHB Dusty Green
|
0-0: Ball 1-0: Called Strike 1-1: Foul Ball, location: 2F 1-2: Ball 2-2: Foul Ball, location: 2F 2-2: Foul Ball, location: 2F 2-2: SINGLE (Groundball, 5D) Phil Shaw scores Jon Waller to third Runner from 3rd tries for Home, SAFE, no throw or cutoff
|
Pitching: LHP John Keller
|
|
Batting: RHB Ramiro Javier
|
0-0: Foul Ball, location: 2F 0-1: Foul Ball, location: 2F 0-2: Foul Ball, location: 2F 0-2: Strikes out swinging
|
Pitching: RHP Tim Whitacre
|
|
Batting: RHB Brian Andrews
|
0-0: Ball 1-0: Ball 2-0: Ball 3-0: Base on Balls Dusty Green to second
|
Batting: RHB José Cisneros
|
0-0: Foul Ball, location: 2F 0-1: Foul Ball, location: 2F 0-2: Ball Passed Ball! Dusty Green to third Brian Andrews to second 1-2: Foul Ball, location: 2F 1-2: Foul Ball, location: 2F 1-2: Strikes out swinging
|
Top of the 8th over - 3 run(s), 3 hit(s), 0 error(s), 2 left on base; Coweta HS 5 - Oliver Ames HS 8 |
BOTTOM OF THE 8TH |
Oliver Ames HS Tigers batting - Pitching for Coweta HS Tigers : LHP Will Merritt
|
Pitching: RHP Ken Burnett
|
|
Batting: RHB Earl Frank
|
0-0: Foul Ball, location: 2F 0-1: Ball 1-1: Ball 2-1: Ball 3-1: Base on Balls
|
Batting: LHB Jason King
|
0-0: SINGLE (Groundball, 4MS) (infield hit) Earl Frank to second
|
Batting: RHB Quentin Underwood
|
0-0: Swinging Strike 0-1: Foul Ball, location: 2F 0-2: Ground out 5-3 (Groundball, 5S) Earl Frank to third Jason King to second
|
Batting: RHB James Hunter
|
0-0: Ball 1-0: Fly out, F4 (Popup, 4)
|
Batting: RHB Denver Baker
|
0-0: Called Strike 0-1: 3-RUN HOME RUN (Flyball, 78XD), Distance : 422 ft
|
Batting: LHB Eugene Lee
|
0-0: Swinging Strike 0-1: Ball 1-1: SINGLE (Groundball, 34)
|
Batting: RHB Jimmy King
|
0-0: Ball 1-0: Ball 2-0: Ball 3-0: Called Strike 3-1: Fly out, F8 (Flyball, 8LM)
|
Bottom of the 8th over - 3 run(s), 3 hit(s), 0 error(s), 1 left on base; Coweta HS 5 - Oliver Ames HS 11 |
TOP OF THE 9TH |
Coweta HS Tigers batting - Pitching for Oliver Ames HS Tigers : RHP Tim Whitacre
|
Batting: RHB Héctor Vázquez
|
0-0: Called Strike 0-1: Called Strike 0-2: Strikes out swinging
|
Batting: LHB Jim Clemente
|
0-0: Ground out 4-3 (Groundball, 4M)
|
Batting: RHB Ben Johnson
|
0-0: Ball 1-0: Ball 2-0: Called Strike 2-1: Called Strike 2-2: Foul Ball, location: 2F 2-2: SINGLE (Groundball, 56)
|
Batting: RHB Phil Shaw
|
0-0: Ball 1-0: Ball 2-0: Foul Ball, location: 2F 2-1: Foul Ball, location: 2F 2-2: Strikes out swinging
|
Top of the 9th over - 0 run(s), 1 hit(s), 0 error(s), 1 left on base; Coweta HS 5 - Oliver Ames HS 11 |
|